 Dungeon Crawl Stone Soup version 0.18-b1-10-g3f7de93 (webtiles) character file.

3682 varam the Fighter (level 9, -6/85 HPs)
             Began as a Minotaur Berserker on Apr 29, 2016.
             Was an Elder of Trog.
             Mangled by a troll (7 damage)
             ... on level 8 of the Dungeon.
             The game lasted 00:19:30 (6849 turns).

varam the Fighter (Minotaur Berserker)              Turns: 6849, Time: 00:19:31

Health: -6/85      AC: 14    Str: 25    XL:     9   Next: 90%
Magic:  8/8        EV:  6    Int:  4    God:    Trog [****..]
Gold:   383        SH:  0    Dex: 10    Spells: 0 memorised, 8 levels left

rFire  . . .     SeeInvis .     y - +0 whip (elec)
rCold  . . .     Gourm    .     r - +0 chain mail
rNeg   . . .     Faith    .     (no shield)
rPois  +         Spirit   .     (helmet restricted)
rElec  .         Dismiss  .     i - +2 cloak
rCorr  .         Reflect  .     (no gloves)
SustAt .         Harm     .     (no boots)
MR     ++...                    (no amulet)
Stlth  ..........               (no ring)
                                j - ring of poison resistance

@: exhausted, regenerating, slowed, very slow, very resistant to hostile
enchantments, extremely unstealthy
A: retaliatory headbutt, horns 2
a: Berserk, Trog's Hand, Brothers in Arms, Burn Spellbooks, Renounce Religion


You were on level 8 of the Dungeon.
You worshipped Trog.
Trog was greatly pleased with you.
You were very hungry.

You visited 1 branch of the dungeon, and saw 8 of its levels.

You collected 383 gold pieces.

Inventory:

Hand Weapons
 y - a +0 whip of electrocution (weapon)
 D - a +0 hand axe
Armour
 b - a +0 animal skin
 i - a +2 cloak (worn)
 r - a +0 chain mail (worn)
Jewellery
 j - a ring of poison resistance (left hand)
Wands
 B - a wand of flame (29/48)
 C - a wand of flame (23/48)
 J - a wand of lightning (1/15)
Scrolls
 e - 12 scrolls of identify {unknown}
 f - 2 scrolls of fear {unknown}
 g - 2 scrolls of enchant armour {unknown}
 h - a scroll of noise {unknown}
 l - 5 scrolls of blinking {unknown}
 m - 2 scrolls of immolation {unknown}
 o - 2 scrolls of magic mapping {unknown}
 p - 2 scrolls of teleportation {unknown}
 v - 4 scrolls of remove curse {unknown}
 G - 2 scrolls of enchant weapon {unknown}
 H - a scroll of recharging {unknown}
Potions
 a - a potion of cancellation {unknown}
 d - a potion of cure mutation {unknown}
 q - 3 potions of curing {unknown}
 s - 4 potions of heal wounds {unknown}
 t - a potion of lignification {unknown}
 u - a potion of resistance {unknown}
 w - a potion of agility {unknown}
 x - a potion of berserk rage {unknown}
 A - 2 potions of degeneration {unknown}
 E - a potion of mutation {unknown}
 F - a potion of brilliance {unknown}
Comestibles
 c - 3 bread rations
 k - 5 meat rations
 n - 2 royal jellies
 z - 2 beef jerkies
 I - 9 chunks of flesh


   Skills:
 - Level 9.7 Fighting
 * Level 8.1(8.9) Axes
 + Level 5.3(7.5) Maces & Flails
 * Level 9.1 Armour
 - Level 6.6 Dodging
 - Level 0.1 Stealth


You had 8 spell levels left.
You didn't know any spells.

Dungeon Overview and Level Annotations

Branches:
Dungeon (8/15)             Temple (0/1) D:6
   Lair: D:8-11

Altars:
Ashenzari
Fedhas
Gozag
Kikubaaqudgha
Okawaru
Pakellas
Qazlal
Trog
Vehumet
Zin
The Shining One

Shops:
D:4 }

Annotations:
D:6 exclusion: oklob sapling


Innate Abilities, Weirdness & Mutations

You reflexively headbutt those who attack you in melee.
You have a pair of horns on your head.


Message History

You feel slightly more hungry. The hound completely misses you.
You furiously retaliate!
You headbutt the hound, but do no damage.
The hound bites you but does no damage. The troll barely misses you. x2
The troll claws you but does no damage. The hound bites you but does no damage.
Okay, then.
Evoke which item? (* to show all) (? for menu, Esc to quit)
Okay, then.
You hit the hound.
You kill the hound!
Trog accepts your kill. The troll barely misses you. The troll claws you!
* * * LOW HITPOINT WARNING * * *
The troll completely misses you. The troll barely misses you.
You furiously retaliate!
You headbutt the troll! The troll claws you.
* * * LOW HITPOINT WARNING * * *
The troll claws you but does no damage. The troll closely misses you.
The troll barely misses you. The troll claws you!
You die...

#..# ... ..# #..#.#
##.###.# #.# #..#.#
#..##.####.# #..#.#
#..##......# #..#.#
##########.(.#.####.#
#....#
.......>...#.#.##.#.#
#.....
############...##...#
#....# ##T.##.#.#
#....# #.@##.#.#
.###....# #####.#.#
........#
#.#.#.#####...#
#.#.#.........#
#.#.#######..##
#.#...........# #.#
#######.### #.# #.#
#.# #.#


You could see a troll.

Vanquished Creatures
  Pikel (D:5)
  The ghost of Denapoli the Archer, a novice CeHu of Okawaru (D:7)
  Eustachio (D:6)
  A hippogriff (D:7)
  Edmund (D:6)
  Duvessa (D:6)
  A sky beast (D:5)
  An ice beast (D:6)
  4 slaves (D:5)
  2 black bears (D:7)
  2 ogres (D:5)
  5 wolves (D:8)
  2 centaurs
  3 giant frogs
  Dowan (D:6)
  2 scorpions (D:6)
  3 wights (D:6)
  A howler monkey (D:4)
  A jelly (D:6)
  2 orc wizards (D:6)
  8 hounds
  3 worker ants
  A howler monkey zombie (D:6)
  8 adders
  9 gnolls (D:4)
  A howler monkey skeleton (D:6)
  3 shadow imps
  An ooze (D:4)
  An adder zombie (D:5)
  An adder skeleton (D:8)
  2 worms (D:3)
  2 dart slugs
  4 giant geckos
  17 orcs
  3 bats
  4 giant cockroaches
  7 goblins
  7 hobgoblins
  9 jackals
  4 quokkas
  A ball python (D:2)
  5 giant newts
  A kobold (D:1)
  5 rats
143 creatures vanquished.

Notes
Turn   | Place    | Note
--------------------------------------------------------------
     0 | D:1      | varam the Minotaur Berserker began the quest for the Orb.
     0 | D:1      | Reached XP level 1. HP: 19/19 MP: 0/0
   123 | D:1      | Reached XP level 2. HP: 23/27 MP: 1/1
   792 | D:2      | Reached ** piety under Trog
   792 | D:2      | Reached XP level 3. HP: 13/33 MP: 2/2
  1342 | D:3      | Found a blossoming altar of Fedhas.
  1354 | D:3      | Found a faded altar to an unknown god.
  1490 | D:3      | Reached XP level 4. HP: 39/41 MP: 3/3
  1550 | D:3      | Found a glowing silver altar of Zin.
  1985 | D:4      | Reached skill level 5 in Axes
  1987 | D:4      | Reached XP level 5. HP: 28/47 MP: 4/4
  2003 | D:4      | Reached *** piety under Trog
  2117 | D:4      | Reached skill level 5 in Fighting
  2335 | D:4      | Found Meystru's Gadget Emporium.
  2410 | D:4      | Reached XP level 6. HP: 56/56 MP: 5/5
  2838 | D:4      | Found a bloodstained altar of Trog.
  2839 | D:4      | Found an iron altar of Okawaru.
  2869 | D:5      | Entered Level 5 of the Dungeon
  2869 | D:5      | Noticed Pikel
  2869 | D:5      | Noticed a slave
  2869 | D:5      | Noticed a slave
  2869 | D:5      | Noticed a slave
  2869 | D:5      | Noticed a slave
  2880 | D:5      | Killed a slave
  2881 | D:5      | Killed a slave
  2883 | D:5      | Killed a slave
  2884 | D:5      | Killed a slave
  2885 | D:5      | HP: 1/84 [Pikel/whip of electrocution (14)]
  2890 | D:5      | Killed Pikel
  2890 | D:5      | Reached XP level 7. HP: 2/64 MP: 6/6
  3264 | D:5      | Found a shattered altar of Ashenzari.
  3322 | D:5      | Reached skill level 5 in Armour
  3655 | D:5      | Found a glowing golden altar of the Shining One.
  3697 | D:5      | Reached skill level 1 in Maces & Flails
  4024 | D:5      | Reached skill level 5 in Dodging
  4024 | D:5      | Reached XP level 8. HP: 73/73 MP: 7/7
  4434 | D:6      | Noticed Eustachio
  4453 | D:6      | Killed Eustachio
  4464 | D:6      | Noticed Dowan
  4475 | D:7      | Reached **** piety under Trog
  4761 | D:6      | Noticed Duvessa
  4775 | D:6      | Killed Duvessa
  4791 | D:6      | Killed Dowan
  4902 | D:6      | Found a stormy altar of Qazlal.
  4902 | D:6      | Found an ancient bone altar of Kikubaaqudgha.
  4905 | D:6      | Found a radiant altar of Vehumet.
  5378 | D:6      | Found an opulent altar of Gozag.
  5383 | D:6      | Found an oddly glowing altar of Pakellas.
  5403 | D:6      | Noticed Edmund
  5414 | D:6      | Killed Edmund
  5414 | D:6      | Reached XP level 9. HP: 80/82 MP: 8/8
  5675 | D:6      | Found a staircase to the Ecumenical Temple.
  6224 | D:7      | Noticed Denapoli's ghost (novice CeHu)
  6235 | D:7      | Killed Denapoli's ghost
  6712 | D:8      | Reached skill level 5 in Maces & Flails
  6823 | D:8      | Noticed a troll
  6849 | D:8      | HP: 1/85 [troll (6)]
  6849 | D:8      | Mangled by a troll

Skill      XL: |  1  2  3  4  5  6  7  8  9 |
---------------+----------------------------+-----
Axes           | 4 5 6 7 8 |  8.1
Fighting       | 4 5 6 7 8 9 |  9.7
Dodging        | 3 4 5 6 |  6.6
Armour         | 3 4 5 7 9 |  9.1
Maces & Flails | 1 3 5 |  5.3
Stealth        | |  0.1

Action                   |  1- 3 |  4- 6 |  7- 9 || total
-------------------------+-------+-------+-------++-------
Melee: Hand axe          |    76 |   122 |       ||   198
       Headbutt          |     7 |    22 |    61 ||    90
       Whip              |       |       |   270 ||   270
Invok: Berserk           |     1 |     2 |     6 ||     9
       Burn Spellbooks   |       |     1 |     2 ||     3
       Trog's Hand       |       |       |     1 ||     1
  Eat: Chunk             |     3 |     5 |    18 ||    26
       Fruit             |       |       |     1 ||     1
Armor: Animal skin       |    15 |       |       ||    15
       Chain mail        |       |    72 |   158 ||   230
Dodge: Dodged            |    46 |    83 |   129 ||   258
